 Dungeon Crawl Stone Soup version 0.23-a0-629-gae4348f (webtiles) character file.

693 Leeroy the Carver (level 7, -2/54 HPs)
             Began as a Barachi Skald on Dec 26, 2018.
             Was a Follower of the Shining One.
             Slain by an ice beast (3 damage)
             ... on level 5 of the Dungeon.
             The game lasted 00:14:36 (3901 turns).

Leeroy the Carver (Barachi Skald)                   Turns: 3901, Time: 00:14:37

Health: -2/54      AC:  7    Str: 12    XL:     7   Next: 64%
Magic:  2/10       EV: 11    Int: 16    God:    the Shining One [*.....]
Gold:   401        SH:  0    Dex: 11    Spells: 3/10 levels left

rFire    + . .     SeeInvis .   a - +0 falchion
rCold    + . .     Gourm    .   (no shield)
rNeg     . . .     Faith    .   n - +0 ring mail
rPois    +         Spirit   .   (no helmet)
rElec    +         Reflect  .   (no cloak)
rCorr    +         Harm     .   G - +0 pair of gloves
MR       .....                  (no boots)
Stlth    ..........             (no amulet)
HPRegen  0.18/turn              (no ring)
MPRegen  0.12/turn              (no ring)

@: resistant, can't hop, flying, very slightly contaminated, glowing, invisible
(but backlit and visible), slow
A: +LOS, swims, slowness 1, strong legs 1
a: Hop, Renounce Religion


You were on level 5 of the Dungeon.
You worshipped the Shining One.
The Shining One was aware of your devotion.
You were not hungry.

You visited 1 branch of the dungeon, and saw 5 of its levels.

You collected 401 gold pieces.

Inventory:

Hand Weapons
 a - a +0 falchion (weapon)
 f - a +0 dagger
 m - a +0 arbalest
 r - a +0 long sword
 s - a +0 short sword
 t - a +1 falchion of draining
 x - a +2 dagger of holy wrath
 y - a +4 quarterstaff of chaos
 E - a +0 flail
Missiles
 g - 130 stones (quivered)
 i - 12 poisoned needles
 I - 60 arrows
 J - 22 bolts
 L - 3 tomahawks
 M - 17 sling bullets
Armour
 b - a +1 leather armour
 n - a +0 ring mail (worn)
 u - a +0 plate armour
 w - a +0 scale mail
 z - a +0 cloak
 B - a cursed +0 robe
 G - a +0 pair of gloves (worn)
Jewellery
 l - a cursed ring of teleportation {unknown}
Scrolls
 c - a scroll of enchant armour
 e - 2 scrolls of amnesia {unknown}
 o - 4 scrolls of identify {unknown}
 q - a scroll of teleportation {unknown}
 D - a scroll of noise {unknown}
 F - a scroll of remove curse {unknown}
 H - 2 scrolls of enchant weapon {unknown}
 K - a scroll of random uselessness {unknown}
 O - a scroll of fog {unknown}
Potions
 h - a potion of invisibility
 j - 2 potions of cancellation
 k - 2 potions of resistance
 p - 2 potions of agility {unknown}
 v - a potion of berserk rage {unknown}
 A - a potion of curing {unknown}
 C - a potion of flight
Comestibles
 d - 4 rations
 N - a chunk of flesh


   Skills:
 + Level 4.3 Fighting
 * Level 8.0 Long Blades
 + Level 4.1 Armour
 - Level 2.1 Dodging
 - Level 2.3 Spellcasting
 * Level 1.9 Hexes
 - Level 3.2 Charms


You had 3 spell levels left.
You knew the following spells:

 Your Spells              Type           Power        Failure   Level  Hunger
a - Infusion              Chrm           ##..         11%         1    #......
b - Regeneration          Chrm/Necr      #.........   54%         3    ###....
c - Spectral Weapon       Hex/Chrm       ##......     41%         3    ###....

Your spell library contained the following spells:

 Spells                   Type           Power        Failure   Level  Hunger
 Song of Slaying          Chrm           ##......     17%         2    ###....
 Shroud of Golubria       Chrm/Tloc      #.........   32%         2    ###....


Dungeon Overview and Level Annotations

Branches:
Dungeon (5/15)
 Temple: D:4-7

Altars:
Ashenzari
The Shining One

Shops:
D:4 **

Annotations:
D:3 1 runed door


Innate Abilities, Weirdness & Mutations

Shadows flee at your approach. (+LOS)
You can swim through water.
You cover ground slowly.
You can hop short distances.


Message History

You feel protected.
Casting: Spectral Weapon (slightly dangerous; 41% risk of failure)
Confirm with . or Enter, or press ? or * to list all spells.
Okay, then.
It was a potion of invisibility.
You become transparent, but the glow from your halo prevents you from becoming The ice beast closely misses you.
You hit the ice beast.
The ice beast is moderately wounded.
The ice beast hits you.
* * * LOW HITPOINT WARNING * * *
The ice beast freezes you. You resist.
* * * LOW HITPOINT WARNING * * *
Unknown command.
It was a potion of flight.
You feel very buoyant.
You fly up into the air.
The ice beast hits you.
* * * LOW HITPOINT WARNING * * *
The ice beast freezes you. You resist.
You die...

###..####...##...# #..####
##.##...####.....#####....#
# ##....###
.........#....## ###....##
#.##..##.......# ......###
..###.####....##
.####.<.####.# #..# #....#
## #.....#..# ##)###....#
#..##....#####.[.......#
#.####...##..@Y.....#..#
..##. #.......###....###.#
#....## #.....### #....##
## #....##.....####..#...#
..# #.........#..####..#
#.# ##....##....# #..# ##.
##..## #...# #...
...######..# #...# ..!#
#..........## ##...# .#..


You could see an ice beast.

Vanquished Creatures
  An ogre (D:5)
  A howler monkey (D:5)
  A crimson imp (D:5)
  A centaur zombie (D:5)
  6 orc wizards
  Crazy Yiuf (D:3)
  2 orc priests
  A hound (D:4)
  2 worker ants (D:4)
  A hound skeleton (D:5)
  4 adders
  7 oozes
  An adder skeleton (D:5)
  A worm (D:3)
  5 dart slugs
  3 leopard geckos
  14 orcs
  3 giant cockroaches
  5 goblins
  8 hobgoblins
  A ball python (D:3)
  6 bats
  A jackal skeleton (D:4)
  5 kobolds
  A leopard gecko skeleton (D:4)
  A leopard gecko zombie (D:5)
  6 rats
89 creatures vanquished.

Notes
Turn   | Place    | Note
-------+----------+-------------------------------------------
     0 | D:1      | Leeroy the Barachi Skald began the quest for the Orb.
     0 | D:1      | Reached XP level 1. HP: 17/17 MP: 3/3
   114 | D:1      | Reached XP level 2. HP: 11/23 MP: 5/5
   493 | D:1      | Reached skill level 3 in Long Blades
   939 | D:1      | Reached XP level 3. HP: 19/28 MP: 3/6
  1584 | D:2      | Found a glowing golden altar of the Shining One.
  1634 | D:2      | Learned a level 3 spell: Regeneration
  1639 | D:2      | Became a worshipper of the Shining One
  1676 | D:3      | Reached skill level 4 in Long Blades
  1846 | D:3      | Reached XP level 4. HP: 17/35 MP: 7/7
  1862 | D:3      | Learned a level 3 spell: Spectral Weapon
  2285 | D:3      | Reached skill level 5 in Long Blades
  2285 | D:3      | Reached XP level 5. HP: 41/41 MP: 4/8
  2494 | D:3      | Found a runed door.
  2495 | D:3      | Found a glowing golden altar of the Shining One.
  2495 | D:3      | Noticed an angel
  2628 | D:3      | Found a shattered altar of Ashenzari.
  2743 | D:3      | Found a runed door.
  2747 | D:3      | Noticed Crazy Yiuf
  2756 | D:3      | Killed Crazy Yiuf
  2983 | D:4      | Found Fuschopteo's Elemental Accessories.
  3100 | D:4      | Reached skill level 6 in Long Blades
  3100 | D:4      | Reached XP level 6. HP: 29/47 MP: 9/9
  3332 | D:4      | Found Nowiz's General Store.
  3532 | D:5      | Entered Level 5 of the Dungeon
  3546 | D:5      | Reached * piety under the Shining One
  3649 | D:5      | Reached skill level 1 in Hexes
  3664 | D:5      | Reached skill level 7 in Long Blades
  3664 | D:5      | Reached XP level 7. HP: 11/53 MP: 0/10
  3870 | D:5      | Reached skill level 8 in Long Blades
  3901 | D:5      | HP: 1/54 [ice beast (3)]
  3901 | D:5      | Slain by an ice beast

Vault maps used:
D:1:      lemuel_arrival_river_ford, minmay_unequal
D:2:      minmay_recursive_quarters, grunt_temple_overflow_forces_of_nature,
          lemuel_round_altar, hex_tiny, uniq_sigmund, uniq_terence
D:3:      lemuel_crystal_altar, lemuel_angel_altar, uniq_crazy_yiuf_cottage
D:4:      first_ration, serial_shops, shop_coins, nicolae_elemental_shop
D:5:      chequers_temple_overflow_minitemple

Skill      XL: |  1  2  3  4  5  6  7 |
---------------+----------------------+-----
Long Blades    | 3 4 5 6 7 8 |  8.0
Armour         | 2 3 4 |  4.1
Fighting       | 3 4 |  4.3
Hexes          | 1 |  1.9
Dodging        | |  2.1
Spellcasting   | |  2.3
Charms         | |  3.2

Action                   |  1- 3 |  4- 6 |  7- 9 || total
-------------------------+-------+-------+-------++-------
Melee: Falchion          |    96 |   124 |    66 ||   286
       Long sword        |     3 |    32 |       ||    35
Throw: Stone             |     1 |       |     2 ||     3
 Cast: Infusion          |     2 |     4 |       ||     6
       Spectral Weapon   |       |     1 |     2 ||     3
 Abil: Hop               |       |       |     1 ||     1
  Use: Scroll            |     1 |       |       ||     1
       Potion            |       |     1 |     4 ||     5
  Eat: Chunk             |     3 |     6 |       ||     9
       Ration            |       |       |     1 ||     1
Armor: Leather armour    |    27 |       |       ||    27
       Ring mail         |     7 |    59 |    26 ||    92
Dodge: Dodged            |    75 |   119 |    30 ||   224
       Rpst.: Falchion   |    26 |    37 |    11 ||    74
       Long sword        |       |     4 |       ||     4

Table legend:
 A = Non-vault XP
 B = Vault XP
 C = Vault XP percentage of total XP
 D = Non-vault monster count
 E = Vault monster count
 F = Vault count percentage of total count
                 A         B        C        D         E       F
            +---------+---------+-------+---------+---------+-------
      Total |     940 |      50 |   5.1 |      84 |       5 |   5.6
            +---------+---------+-------+---------+---------+-------
        D:1 |      62 |       9 |  12.7 |      24 |       4 |  14.3
        D:2 |       2 |       0 |   0.0 |       2 |       0 |   0.0
        D:3 |     159 |      41 |  20.5 |      30 |       1 |   3.2
        D:4 |     162 |       0 |   0.0 |      10 |       0 |   0.0
        D:5 |     555 |       0 |   0.0 |      18 |       0 |   0.0
            +---------+---------+-------+---------+---------+-------
